| TOP OF THE 1ST |
|
Lakewood BlueClaws batting - Pitching for Augusta GreenJackets : RHP Brian Whitley
|
|
Pitching: RHP Brian Whitley
|
|
|
Batting: LHB Jonathan Roman
|
0-0: Foul Ball, location: 2F 0-1: Ball 1-1: Fly out, F8 (Flyball, 8RD, EV 90.0 MPH)
|
|
Batting: SHB Steve DeRienzo
|
0-0: Ball 1-0: Ground out 6-3 (Groundball, 4M, EV 86.9 MPH)
|
|
Batting: RHB Alan Weller
|
0-0: Called Strike 0-1: Ball 1-1: Ground out 6-3 (Groundball, 6, EV 77.5 MPH)
|
| Top of the 1st over - 0 runs, 0 hits, 0 errors, 0 left on base; Lakewood 0 - Augusta 0 |
| BOTTOM OF THE 1ST |
|
Augusta GreenJackets batting - Pitching for Lakewood BlueClaws : RHP Joe Morse
|
|
Pitching: RHP Joe Morse
|
|
|
Batting: SHB Zack Barton
|
0-0: Called Strike 0-1: Ball 1-1: DOUBLE (Groundball, 5L, EV 101.2 MPH)
|
|
Batting: LHB Gil Caraveo
|
0-0: SINGLE (Groundball, 34D, EV 100.0 MPH) Zack Barton to third Runner from 3rd tries for Home, SAFE, throw by RF to home
|
|
Batting: LHB Oscar Tamayo
|
0-0: Swinging Strike 0-1: Foul Ball, location: 2F 0-2: Strikes out swinging
|
|
Batting: SHB Louie Horne
|
0-0: Ball Gil Caraveo steals 2nd base (no throw) 1-0: Ground out 4-3 (Groundball, 34D, EV 98.8 MPH) Gil Caraveo to third
|
|
Batting: LHB Bruce Arvizu
|
0-0: Ball 1-0: Ground out 4-3 (Groundball, 4MS, EV 86.9 MPH)
|
| Bottom of the 1st over - 1 run, 2 hits, 0 errors, 1 left on base; Lakewood 0 - Augusta 1 |
| TOP OF THE 2ND |
|
Lakewood BlueClaws batting - Pitching for Augusta GreenJackets : RHP Brian Whitley
|
|
Batting: SHB Brett St. Clair
|
0-0: Called Strike 0-1: Ground out 6-3 (Groundball, 6, EV 95.6 MPH)
|
|
Batting: RHB Mike Maserang
|
0-0: Ball 1-0: Ball 2-0: Called Strike 2-1: Fly out, F9 (Flyball, 9, EV 89.4 MPH)
|
|
Batting: RHB Kyle Reilly
|
0-0: Ball 1-0: Ball 2-0: Called Strike 2-1: SINGLE (Line Drive, 6D, EV 105.6 MPH)
|
|
Batting: LHB Eric Farren
|
0-0: Ball 1-0: Called Strike 1-1: Ball 2-1: Foul Ball, location: 2F 2-2: Foul Ball, location: 2F 2-2: Strikes out swinging
|
| Top of the 2nd over - 0 runs, 1 hit, 0 errors, 1 left on base; Lakewood 0 - Augusta 1 |
| BOTTOM OF THE 2ND |
|
Augusta GreenJackets batting - Pitching for Lakewood BlueClaws : RHP Joe Morse
|
|
Batting: RHB Antonio Lara
|
0-0: Ball 1-0: Ball 2-0: DOUBLE (Line Drive, 9LM, EV 101.9 MPH)
|
|
Batting: RHB Jake Shelton
|
0-0: Ball 1-0: Ground out 6-3 (Groundball, 6, EV 84.4 MPH) Antonio Lara to third
|
|
Batting: RHB Gary Sampson
|
0-0: Ball 1-0: Ball 2-0: Ground out 4-3 (Groundball, 4, EV 84.4 MPH) Antonio Lara scores
|
|
Batting: RHB Ruben Irizarry
|
0-0: Swinging Strike 0-1: Ball 1-1: Ball 2-1: Foul Ball, location: 2F 2-2: Fly out, F4 (Popup, 34S, EV 80.0 MPH)
|
| Bottom of the 2nd over - 1 run, 1 hit, 0 errors, 0 left on base; Lakewood 0 - Augusta 2 |
| TOP OF THE 3RD |
|
Lakewood BlueClaws batting - Pitching for Augusta GreenJackets : RHP Brian Whitley
|
|
Batting: RHB Juan Valadez
|
0-0: Ground out 6-3 (Groundball, 6S, EV 82.5 MPH)
|
|
Batting: RHB Trent Hedrick
|
0-0: Swinging Strike 0-1: Swinging Strike 0-2: Foul Ball, location: 2F 0-2: Ball 1-2: Foul Ball, location: 2F 1-2: Ball 2-2: Strikes out swinging
|
|
Batting: LHB Jonathan Roman
|
0-0: Called Strike 0-1: Ball 1-1: Ball 2-1: Fly out, F7 (Line Drive, 78M, EV 101.9 MPH)
|
| Top of the 3rd over - 0 runs, 0 hits, 0 errors, 0 left on base; Lakewood 0 - Augusta 2 |
| BOTTOM OF THE 3RD |
|
Augusta GreenJackets batting - Pitching for Lakewood BlueClaws : RHP Joe Morse
|
|
Batting: SHB Zack Barton
|
0-0: Called Strike 0-1: Ball 1-1: Swinging Strike 1-2: Ball 2-2: Ball 3-2: Foul Ball, location: 2F 3-2: Base on Balls
|
|
Batting: LHB Gil Caraveo
|
0-0: Called Strike Zack Barton steals 2nd base 0-1: Fly out, F5 (Popup, 56, EV 68.1 MPH)
|
|
Batting: LHB Oscar Tamayo
|
0-0: Ball 1-0: Called Strike 1-1: 2-RUN HOME RUN (Flyball, 7D, EV 95.6 MPH), Distance : 375 ft
|
|
Batting: SHB Louie Horne
|
0-0: Ball 1-0: Foul Ball, location: 2F 1-1: Foul Ball, location: 2F 1-2: Ground out 4-3 (Groundball, 34D, EV 88.8 MPH)
|
|
Batting: LHB Bruce Arvizu
|
0-0: Called Strike 0-1: Ball 1-1: Foul Ball, location: 2F 1-2: Ground out 4-3 (Groundball, 4, EV 87.5 MPH)
|
| Bottom of the 3rd over - 2 runs, 1 hit, 0 errors, 0 left on base; Lakewood 0 - Augusta 4 |
| TOP OF THE 4TH |
|
Lakewood BlueClaws batting - Pitching for Augusta GreenJackets : RHP Brian Whitley
|
|
Batting: SHB Steve DeRienzo
|
0-0: Foul Ball, location: 2F 0-1: Foul Ball, location: 2F 0-2: Ball 1-2: Ball 2-2: Ball 3-2: Foul Ball, location: 2F 3-2: Strikes out swinging
|
|
Batting: RHB Alan Weller
|
0-0: Foul Ball, location: 2F 0-1: SINGLE (Line Drive, 6D, EV 98.1 MPH)
|
|
Batting: SHB Brett St. Clair
|
0-0: Swinging Strike 0-1: Fielders Choice at 2nd, 1-6 (Groundball, 13S, EV 73.8 MPH)
|
|
Batting: RHB Mike Maserang
|
0-0: Ball Brett St. Clair is caught stealing 2nd base 2-4
|
| Top of the 4th over - 0 runs, 1 hit, 0 errors, 0 left on base; Lakewood 0 - Augusta 4 |
| BOTTOM OF THE 4TH |
|
Augusta GreenJackets batting - Pitching for Lakewood BlueClaws : RHP Joe Morse
|
|
Batting: RHB Antonio Lara
|
0-0: Called Strike 0-1: Ball 1-1: Ball 2-1: Ball 3-1: SINGLE (Groundball, 56S, EV 66.9 MPH) (infield hit)
|
|
Batting: RHB Jake Shelton
|
0-0: Called Strike 0-1: Ball 1-1: Ball 2-1: Ball Passed Ball! Antonio Lara to second 3-1: Called Strike 3-2: SINGLE (Line Drive, 9LS, EV 112.5 MPH) Antonio Lara to third Runner from 3rd tries for Home, throw by RF and OUT! 9-2 Jake Shelton to second
|
|
Batting: RHB Gary Sampson
|
0-0: SINGLE (Flyball, 5D, EV 93.8 MPH) Jake Shelton to third
|
|
Batting: RHB Ruben Irizarry
|
0-0: Fly out, F9 (Flyball, 89D, EV 103.8 MPH) Runner from 3rd tags up, SCORES, throw by RF
|
|
Pitching: RHP Gregorio Padilla
|
|
|
Batting: SHB Zack Barton
|
0-0: Ball Gary Sampson steals 2nd base 1-0: Foul Ball, location: 2F 1-1: Fly out, F8 (Flyball, 8RD, EV 81.2 MPH)
|
| Bottom of the 4th over - 1 run, 3 hits, 0 errors, 1 left on base; Lakewood 0 - Augusta 5 |
| TOP OF THE 5TH |
|
Lakewood BlueClaws batting - Pitching for Augusta GreenJackets : RHP Brian Whitley
|
|
Batting: RHB Mike Maserang
|
0-0: Called Strike 0-1: Foul Ball, location: 2F 0-2: Foul Ball, location: 2F 0-2: Ball 1-2: Foul Ball, location: 2F 1-2: Foul Ball, location: 2F 1-2: Strikes out swinging
|
|
Batting: RHB Kyle Reilly
|
0-0: DOUBLE (Line Drive, 5D, EV 97.5 MPH)
|
|
Batting: LHB Eric Farren
|
0-0: Called Strike 0-1: SINGLE (Groundball, 4D, EV 97.5 MPH) Kyle Reilly to third
|
|
Batting: RHB Juan Valadez
|
0-0: Called Strike 0-1: Ball 1-1: Foul Ball, location: 2F 1-2: Fly out, F4 (Popup, 34, EV 66.9 MPH)
|
|
Batting: RHB Trent Hedrick
|
0-0: Called Strike 0-1: Foul Ball, location: 2F 0-2: Ground out 2-3 (Groundball, 2L, EV 65.6 MPH)
|
| Top of the 5th over - 0 runs, 2 hits, 0 errors, 2 left on base; Lakewood 0 - Augusta 5 |
| BOTTOM OF THE 5TH |
|
Augusta GreenJackets batting - Pitching for Lakewood BlueClaws : RHP Gregorio Padilla
|
|
Batting: LHB Gil Caraveo
|
0-0: Called Strike 0-1: Fly out, F8 (Flyball, 8RD, EV 94.4 MPH)
|
|
Batting: LHB Oscar Tamayo
|
0-0: Ball 1-0: Called Strike 1-1: Foul Ball, location: 2F 1-2: Strikes out swinging
|
|
Batting: SHB Louie Horne
|
0-0: Ball 1-0: Ball 2-0: SINGLE (Groundball, 34D, EV 98.1 MPH)
|
|
Batting: LHB Bruce Arvizu
|
0-0: Ball 1-0: Fielders Choice at 2nd, U6 (Groundball, 6M, EV 87.5 MPH)
|
| Bottom of the 5th over - 0 runs, 1 hit, 0 errors, 1 left on base; Lakewood 0 - Augusta 5 |
| TOP OF THE 6TH |
|
Lakewood BlueClaws batting - Pitching for Augusta GreenJackets : RHP Brian Whitley
|
|
Batting: LHB Jonathan Roman
|
0-0: Called Strike 0-1: Ball 1-1: Ball 2-1: SOLO HOME RUN (Flyball, 78XD, EV 111.9 MPH), Distance : 404 ft
|
|
Batting: SHB Steve DeRienzo
|
0-0: Called Strike 0-1: Swinging Strike 0-2: Ball 1-2: Strikes out looking
|
|
Batting: RHB Alan Weller
|
0-0: Called Strike 0-1: Fly out, F9 (Line Drive, 89M, EV 86.9 MPH)
|
|
Batting: SHB Brett St. Clair
|
0-0: Fly out, F8 (Flyball, 8LD, EV 86.2 MPH)
|
| Top of the 6th over - 1 run, 1 hit, 0 errors, 0 left on base; Lakewood 1 - Augusta 5 |
| BOTTOM OF THE 6TH |
|
Augusta GreenJackets batting - Pitching for Lakewood BlueClaws : RHP Gregorio Padilla
|
|
Batting: RHB Antonio Lara
|
0-0: Ball 1-0: Ball 2-0: Called Strike 2-1: Fly out, F7 (Line Drive, 7S, EV 86.9 MPH)
|
|
Batting: RHB Jake Shelton
|
0-0: Called Strike 0-1: Ball 1-1: Ball 2-1: Ball 3-1: Base on Balls
|
|
Batting: RHB Gary Sampson
|
0-0: Called Strike 0-1: Swinging Strike 0-2: Ball 1-2: Fielders Choice at 2nd, 4-6 (Groundball, 4, EV 80.6 MPH)
|
|
Batting: RHB Ruben Irizarry
|
0-0: SINGLE (Groundball, 6MD, EV 97.5 MPH) Gary Sampson to second Runner from 2nd tries for 3rd, SAFE, throw by CF made to third
|
|
Batting: SHB Zack Barton
|
0-0: Foul Ball, location: 2F 0-1: Ball 1-1: Called Strike 1-2: Ball 2-2: Ground out 4-3 (Groundball, 4S, EV 90.6 MPH)
|
| Bottom of the 6th over - 0 runs, 1 hit, 0 errors, 2 left on base; Lakewood 1 - Augusta 5 |
| TOP OF THE 7TH |
|
Lakewood BlueClaws batting - Pitching for Augusta GreenJackets : RHP Brian Whitley
|
|
Batting: RHB Mike Maserang
|
0-0: Called Strike 0-1: Fly out, F9 (Flyball, 89S, EV 74.4 MPH)
|
|
Batting: RHB Kyle Reilly
|
0-0: Foul Ball, location: 2F 0-1: Ball 1-1: Ball 2-1: DOUBLE (Groundball, 5L, EV 108.8 MPH)
|
|
Batting: LHB Eric Farren
|
0-0: SINGLE (Line Drive, 78M, EV 111.2 MPH) Kyle Reilly to third
|
|
Batting: RHB Juan Valadez
|
0-0: Foul Ball, location: 2F 0-1: Ball 1-1: Reached on error, E5 (Groundball, 5L, EV 100.6 MPH) Kyle Reilly scores Eric Farren to second
|
|
Batting: RHB Trent Hedrick
|
0-0: Swinging Strike 0-1: SINGLE (Groundball, 6S, EV 76.2 MPH) (infield hit) Eric Farren to third Juan Valadez to second
|
|
Batting: LHB Jonathan Roman
|
0-0: Ball 1-0: Foul Ball, location: 2F 1-1: Grounds into fielders choice 6-2 (Groundball, 6, EV 85.0 MPH) Juan Valadez to third Trent Hedrick to second
|
|
Batting: SHB Steve DeRienzo
|
0-0: Called Strike 0-1: Foul Ball, location: 2F 0-2: Ball 1-2: Foul Ball, location: 2F 1-2: Foul Ball, location: 2F 1-2: Ball 2-2: SINGLE (Line Drive, 7LS, EV 109.4 MPH) Juan Valadez scores Trent Hedrick to third Jonathan Roman to second Runner from 3rd tries for Home, SAFE, throw by LF to home
|
|
Pitching: RHP Hiroaki Yazawa
|
|
|
Pinch Hitting: LHB Josh George
|
0-0: Ball 1-0: Ball 2-0: Fielders Choice at 2nd, 5-4 (Groundball, 56, EV 96.2 MPH)
|
| Top of the 7th over - 3 runs, 4 hits, 1 error, 2 left on base; Lakewood 4 - Augusta 5 |
| BOTTOM OF THE 7TH |
|
Augusta GreenJackets batting - Pitching for Lakewood BlueClaws : RHP Gregorio Padilla
|
|
Now at 1B: Kyle Reilly
|
|
|
Now in LF: Josh George
|
|
|
Batting: LHB Gil Caraveo
|
0-0: Ball 1-0: SINGLE (Flyball, 8RS, EV 93.8 MPH)
|
|
Batting: LHB Oscar Tamayo
|
0-0: Foul Ball, location: 2F 0-1: Fielders Choice at 2nd, 4-6 (Groundball, 4, EV 91.2 MPH)
|
|
Batting: SHB Louie Horne
|
0-0: Swinging Strike 0-1: Ball 1-1: Foul Ball, location: 2F 1-2: Foul Ball, location: 2F 1-2: Fly out, F7 (Flyball, 7, EV 91.2 MPH)
|
|
Batting: LHB Bruce Arvizu
|
0-0: Foul Ball, location: 2F 0-1: Ball 1-1: Foul Ball, location: 2F 1-2: 2-RUN HOME RUN (Line Drive, 9D, EV 98.1 MPH), Distance : 379 ft
|
|
Batting: RHB Antonio Lara
|
0-0: Called Strike 0-1: Ball 1-1: Foul Ball, location: 2F 1-2: Ball 2-2: Foul Ball, location: 2F 2-2: Ball 3-2: Strikes out swinging
|
| Bottom of the 7th over - 2 runs, 2 hits, 0 errors, 0 left on base; Lakewood 4 - Augusta 7 |
| TOP OF THE 8TH |
|
Lakewood BlueClaws batting - Pitching for Augusta GreenJackets : RHP Hiroaki Yazawa
|
|
Batting: SHB Brett St. Clair
|
0-0: Ball 1-0: Ball 2-0: Ball 3-0: Base on Balls
|
|
Batting: RHB Mike Maserang
|
0-0: Ball 1-0: Foul Ball, location: 2F 1-1: Swinging Strike 1-2: Fly out, F8 (Line Drive, 8LM, EV 90.6 MPH)
|
|
Batting: RHB Kyle Reilly
|
0-0: Ball 1-0: Ball 2-0: Ball 3-0: Base on Balls Brett St. Clair to second
|
|
Batting: LHB Eric Farren
|
0-0: Called Strike 0-1: Foul Ball, location: 2F 0-2: Strikes out swinging
|
|
Pinch Hitting: LHB Matt Urbanek
|
0-0: Ball 1-0: SINGLE (Groundball, 6M, EV 113.8 MPH) (infield hit) Brett St. Clair to third Kyle Reilly to second
|
|
Batting: RHB Trent Hedrick
|
0-0: Ground out 3-1 (Groundball, 34, EV 102.5 MPH)
|
| Top of the 8th over - 0 runs, 1 hit, 0 errors, 3 left on base; Lakewood 4 - Augusta 7 |
| BOTTOM OF THE 8TH |
|
Augusta GreenJackets batting - Pitching for Lakewood BlueClaws : RHP Gregorio Padilla
|
|
Pitching: LHP Cesar Andrade
|
|
|
Now in LF: Matt Urbanek
|
|
|
Now in CF: Josh George
|
|
|
Batting: RHB Jake Shelton
|
0-0: Foul Ball, location: 2F 0-1: Called Strike 0-2: Fly out, F8 (Flyball, 8LD, EV 89.4 MPH)
|
|
Batting: RHB Gary Sampson
|
0-0: Foul Ball, location: 2F 0-1: Foul Ball, location: 2F 0-2: Foul Ball, location: 2F 0-2: Fly out, F8 (Flyball, 8LD, EV 100.0 MPH)
|
|
Batting: RHB Ruben Irizarry
|
0-0: Ball 1-0: Ball 2-0: Ball 3-0: Base on Balls
|
|
Batting: SHB Zack Barton
|
0-0: Ball 1-0: Foul Ball, location: 2F 1-1: Ground out 4-3 (Groundball, 4M, EV 98.8 MPH)
|
| Bottom of the 8th over - 0 runs, 0 hits, 0 errors, 1 left on base; Lakewood 4 - Augusta 7 |
| TOP OF THE 9TH |
|
Lakewood BlueClaws batting - Pitching for Augusta GreenJackets : RHP Hiroaki Yazawa
|
|
Pitching: RHP Ricky Fo
|
|
|
Batting: LHB Jonathan Roman
|
0-0: Ball 1-0: Ground out 4-3 (Groundball, 4M, EV 108.8 MPH)
|
|
Batting: SHB Steve DeRienzo
|
0-0: Swinging Strike 0-1: Swinging Strike 0-2: Foul Ball, location: 2F 0-2: Ball 1-2: Ball 2-2: Strikes out swinging
|
|
Batting: LHB Josh George
|
0-0: Swinging Strike 0-1: Ball 1-1: Ball 2-1: Called Strike 2-2: Fly out, F7 (Flyball, 7S, EV 85.6 MPH)
|
| Top of the 9th over - 0 runs, 0 hits, 0 errors, 0 left on base; Lakewood 4 - Augusta 7 |
|